 Dungeon Crawl Stone Soup version 0.30-b1-2-g02819fbbbe (webtiles) character file.

Game seed: 942910683485175179

1064 sanka the Frost Mage (level 8, -8/61 HPs)
             Began as a Barachi Enchanter on May 19, 2023.
             Killed by divine providence
             ... invoked by an orc priest
              (13 damage)
             ... on level 6 of the Dungeon.
             The game lasted 00:13:42 (5018 turns).

sanka the Frost Mage (Barachi Enchanter)            Turns: 5018, Time: 00:13:43

Health: -8/61      AC:  8    Str: 15    XL:     8   Next: 27%
Magic:  12/12      EV: 18    Int: 18    God:
Gold:   314        SH:  0    Dex: 13    Spells: 9/13 levels left

rFire   + . .        g - +1 short sword (protect)
rCold   . . .        (no shield)
rNeg    . . .        D - +1 leather armour {rF+}
rPois   .            j - +0 helmet
rElec   .            (no cloak)
rCorr   .            r - +0 pair of gloves
SInv    .            A - +1 pair of boots
Will    .....        (no amulet)
Stlth   ++           m - +6 ring of strength
HPRegen 0.30/turn    x - +5 ring of evasion
MPRegen 0.13/turn

%: no passive effects
@: marked, unable to hop, slow
A: amphibious, slowness 1, strong legs 1, +LOS
a: Hop


You were on level 6 of the Dungeon.
You visited 1 branch of the dungeon, and saw 6 of its levels.

You collected 746 gold pieces.
You spent 432 gold pieces at shops.

Inventory:

Hand Weapons
 a - a +1 dagger
 g - a +1 short sword of protection (weapon)
Missiles
 y - 15 poisoned darts
 B - a throwing net {=f}
Armour
 b - a +0 robe
 h - a +0 ring mail
 j - a +0 helmet (worn)
 r - a +0 pair of gloves (worn)
 A - a +1 pair of boots (worn)
 D - a +1 leather armour of fire resistance (worn)
Jewellery
 k - a ring of flight
 m - a +6 ring of strength (left hand)
 x - a +5 ring of evasion (right hand)
 H - a ring of poison resistance
Wands
 u - a wand of paralysis (11)
 v - a wand of polymorph (12)
 w - a wand of flame (13)
Scrolls
 f - 5 scrolls of identify {@r1}
 i - 2 scrolls of teleportation {@r4}
 o - a scroll of butterflies
 t - 4 scrolls of fog
 C - 2 scrolls of blinking
 E - a scroll of poison {!r}
 F - a scroll of vulnerability {unknown}
Potions
 c - 2 potions of invisibility
 d - 2 potions of flight {unknown}
 e - 2 potions of haste {unknown}
 l - 4 potions of curing {unknown}
 n - a potion of brilliance {unknown}
 p - a potion of magic {unknown}
 q - 2 potions of mutation {unknown}
 s - 2 potions of ambrosia {unknown}
 z - 2 potions of lignification {unknown}
 G - a potion of might {unknown}


   Skills:
 + Level 4.3 Fighting
 - Level 1.1 Short Blades
 + Level 4.7 Dodging
 - Level 2.6 Stealth
 - Level 3.0 Spellcasting
 - Level 3.2 Hexes
 + Level 8.7 Ice Magic


You had 9 spell levels left.
You knew the following spells:

 Your Spells              Type           Power      Damage    Failure   Level
a - Freeze                Ice            100%       1d10      1%          1
b - Frozen Ramparts       Ice            68%        1d11      1%          3

Your spell library contained the following spells:

 Spells                   Type           Power      Damage    Failure   Level
 Ensorcelled Hibernation  Hex/Ice        48%        N/A       2%          2
 Hailstorm                Conj/Ice       18%        3d6       10%         3
 Confusing Touch          Hex            14%        N/A       16%         3
 Tukima's Dance           Hex            14%        N/A       16%         3
 Dazzling Flash           Conj/Hex       16%        N/A       30%         3


Dungeon Overview and Level Annotations

Branches:
Dungeon (6/15)
 Temple: D:4-7

Altars:
Elyvilon
Hepliaklqana
Trog
Uskayaw
Zin

Shops:
D:2 =   D:3 !   D:4 !

Annotations:
D:6 exclusion: wight


Innate Abilities, Weirdness & Mutations

You are amphibious.
You cover ground slowly.
You can hop short distances.
You have an extended range of vision and can be seen from far away.


Message History

The scorpion misses you. The water moccasin closely misses you.
A wight opens the door.
The phantom hits you but does no damage.
The orc priest miscasts a cantrip.
A kobold comes into view. It is wielding a +0 dagger.
The orc moves out of view.
The scorpion attacks as you move away!
The scorpion stings you but does no damage.
The water moccasin attacks as you move away!
The water moccasin misses you. The scorpion stings you.
* * * LOW HITPOINT WARNING * * *
The wight barely misses you.
There is an open door, spattered with blood here.
Hop to where?
Press: ? - help, Dir - move target
Found 8 gold pieces.
Boing!
As you read the scroll of teleportation {@r4}, it crumbles to dust.
You feel strangely unstable.
An ogre comes into view. It is wielding a +0 giant club.
Unknown command.
Unknown command.
A kobold comes into view. It is wielding a +0 dagger.
Your surroundings suddenly seem different.
A kobold brigand and 2 kobolds come into view.
The kobold brigand is wielding a +0 club and quivering poisoned darts.
A kobold comes into view.
It is wielding a +0 club and quivering poisoned darts.
The kobold throws a stone.
The stone closely misses you.
Unknown command.
Something tries to affect you, but you resist.
The kobold brigand throws a poisoned dart.
The poisoned dart barely misses you.
The kobold throws a stone.
The stone closely misses you.
The orc priest invokes the aid of Beogh against you.
Beogh smites you!
* * * LOW HITPOINT WARNING * * *
The kobold throws a stone.
The stone misses you.
Found a scroll labelled ZUANLE XAKAL.
The orc priest calls down the wrath of Beogh upon you.
Beogh smites you!
You die...

#................##.........
#z...............##.........
#................##.......##
#................##.......#
S.........h....####.......#
##.S....h......# #.......#
##o.....Kzz....# #......##
........o.S....####......#
.......5o{o.K...@.......?
.....K..KK....#####......
#............... ....
.........K....... ##
##......<.........
....##.#+##....... .......#
#........ .. +.........
#..........


You could see a water moccasin, 2 black bears, a kobold brigand, 2 wights, an
orc priest, 2 orcs and 4 kobolds.

Vanquished Creatures
  A black bear (D:4)
  An ice beast (D:5)
  An orc warrior (D:6)
  2 ogres
  A phantom (D:4)
  2 scorpions
  2 howler monkeys (D:5)
  A jelly (D:5)
  An orc priest (D:6)
  Jessica (D:3)
  4 iguanas
  An orc wizard (D:6)
  Robin (D:2)
  3 gnolls (D:4)
  An adder (D:5)
  A white imp (D:5)
  An ufetubus (D:6)
  5 dart slugs
  6 orcs
  7 ball pythons
  2 bats
  3 endoplasms
  3 giant cockroaches
  8 goblins
  6 hobgoblins
  6 kobolds
  4 quokkas
  3 frilled lizards
  11 rats
89 creatures vanquished.

Vanquished Creatures (others)
  4 toadstools (D:4)
4 creatures vanquished.

Grand Total: 93 creatures vanquished

Notes
Turn   | Place    | Note
-------+----------+-------------------------------------------
     0 | D:1      | sanka the Barachi Enchanter began the quest for the Orb.
     0 | D:1      | Reached XP level 1. HP: 13/13 MP: 3/3
   186 | D:1      | Reached skill level 1 in Fighting
   235 | D:1      | Reached XP level 2. HP: 16/21 MP: 5/5
   908 | D:2      | Reached XP level 3. HP: 27/27 MP: 6/6
   911 | D:2      | Noticed Robin
   943 | D:2      | Killed Robin
   944 | D:2      | Reached skill level 1 in Ice Magic
  1144 | D:2      | Found a glowing silver altar of Zin.
  1266 | D:2      | Found Ulysko's Jewellery Boutique.
  1620 | D:2      | Learned a level 1 spell: Freeze
  1624 | D:2      | Learned a level 3 spell: Frozen Ramparts
  1747 | D:3      | Found a white marble altar of Elyvilon.
  1906 | D:3      | Found Zemuogg's Distillery.
  1930 | D:3      | Reached XP level 4. HP: 28/33 MP: 8/8
  1988 | D:3      | Noticed Jessica
  2013 | D:3      | Killed Jessica
  2014 | D:3      | Reached skill level 2 in Ice Magic
  2210 | D:3      | Found a bloodstained altar of Trog.
  2211 | D:3      | Found a hide-covered altar of Uskayaw.
  2298 | D:3      | Found a hazy altar of Hepliaklqana.
  2445 | D:4      | Noticed a phantom
  2499 | D:4      | Killed a phantom
  2500 | D:4      | Reached skill level 4 in Ice Magic
  2500 | D:4      | Reached XP level 5. HP: 7/38 MP: 9/9
  2719 | D:4      | Noticed an ogre
  2906 | D:4      | Reached skill level 5 in Ice Magic
  2906 | D:4      | Reached XP level 6. HP: 35/44 MP: 6/10
  3001 | D:4      | Noticed a black bear
  3014 | D:4      | Killed a black bear
  3015 | D:4      | Reached skill level 6 in Ice Magic
  3317 | D:4      | Reached skill level 7 in Ice Magic
  3317 | D:4      | Reached XP level 7. HP: 50/50 MP: 4/11
  3386 | D:4      | Found Asomp's Distillery.
  3437 | D:5      | Entered Level 5 of the Dungeon
  3613 | D:5      | Reached skill level 8 in Ice Magic
  4041 | D:5      | Identified a scroll of acquirement
  4043 | D:5      | Acquired 395 gold pieces
  4116 | D:2      | Bought a +5 ring of evasion for 432 gold pieces
  4481 | D:5      | Reached XP level 8. HP: 36/59 MP: 9/12
  5018 | D:6      | Killed from afar by an orc priest

Illustrated notes

Levels and vault maps discovered:
D:1:      onia_arrival_mini_maze_b, layout_rooms, serial_bayou_pond_c,
          minmay_rat_gold_closets
D:2:      layout_loops_ring, serial_shops, nicolae_shop_tiny_waterfront,
          basic_altar, kennysheep_path_1, uniq_robin
D:3:      layout_basic, nicolae_hepliaklqana_hippocampus, old_standard_altar,
          nicolae_overflow_squiral, serial_shops,
          nicolae_shop_industrial_runoff, uniq_jessica
D:4:      layout_basic, serial_shops, nicolae_lakefront_shop,
          minmay_gold_behind_fungi
D:5:      layout_basic, hangedman_abyss_or_decor_lesser_grid,
          kennysheep_big_empty_room
D:6:      layout_basic, nicolae_ru_the_path_less_chosen, gup_sewer_entry_spiral,
          kennysheep_generic_room_16

Skill      XL: |  1  2  3  4  5  6  7  8 |
---------------+-------------------------+-----
Fighting       | 1 2 3 4 |  4.3
Dodging        | 3 4 |  4.7
Ice Magic      | 1 4 5 7 8 |  8.7
Spellcasting   | 3 |  3.0
Short Blades   | |  1.1
Stealth        | |  2.6
Hexes          | |  3.2

Action                     |  1- 3 |  4- 6 |  7- 9 || total
---------------------------+-------+-------+-------++-------
  Melee: Dagger            |    59 |       |       ||    59
         Short sword       |    90 |    81 |    37 ||   208
         Punch             |     2 |       |     1 ||     3
  Throw: Dart              |       |     1 |     2 ||     3
   Cast: Freeze            |       |    20 |    25 ||    45
         Frozen Ramparts   |       |     5 |    10 ||    15
Ability: Hop               |       |       |     1 ||     1
  Evoke: Wand              |       |     2 |     6 ||     8
    Use: Scroll            |       |       |     8 ||     8
   Stab: Sleeping          |     5 |     3 |     1 ||     9
 Armour: Robe              |     3 |    52 |     3 ||    58
         Ring mail         |    50 |     7 |       ||    57
         Leather armour    |       |       |    13 ||    13
  Dodge: Dodged            |    79 |    53 |    53 ||   185
